 Dungeon Crawl Stone Soup version 0.24-a0-439-g6dd8730de2 (webtiles) character file.

Game seed: 15104761637200885260

70 Ijustatesigmund the Skirmisher (level 4, -1/52 HPs)
             Began as an Ogre Hunter on June 18, 2019.
             Slain by a kobold
             ... wielding a +0 short sword
              (3 damage)
             ... on level 2 of the Dungeon.
             The game lasted 00:04:29 (1900 turns).

Ijustatesigmund the Skirmisher (Ogre Hunter)        Turns: 1900, Time: 00:04:29

Health: -1/52      AC:  3    Str: 16    XL:     4   Next: 22%
Magic:  4/4        EV: 10    Int: 12    God:
Gold:   49         SH:  0    Dex: 10    Spells: 3/3 levels left

rFire    . . .     SeeInvis .   a - +0 whip
rCold    + . .     Gourm    .   (no shield)
rNeg     . . .     Faith    .   b - +0 robe (curse)
rPois    .         Spirit   .   (helmet restricted)
rElec    .         Reflect  .   (no cloak)
rCorr    .         Harm     .   (gloves unavailable)
MR       .....                  (boots unavailable)
Stlth    ..........             (no amulet)
HPRegen  0.17/turn              h - ring of protection from cold
MPRegen  0.09/turn              n - ring of attention (curse)

@: very slightly contaminated, invisible
A: large, unfitting armour, tough skin 1
a: no special abilities


You were on level 2 of the Dungeon.
You were not hungry.

You visited 1 branch of the dungeon, and saw 2 of its levels.

You collected 49 gold pieces.

Inventory:

Hand Weapons
 a - a +0 whip (weapon)
Missiles
 c - 5 large rocks (quivered)
 d - 2 throwing nets
Armour
 b - a cursed +0 robe (worn)
Jewellery
 e - an uncursed amulet of magic regeneration
 h - a ring of protection from cold (left hand)
 n - a cursed ring of attention (right hand)
Wands
 l - a wand of random effects (22)
Scrolls
 j - a scroll of teleportation
 k - a scroll of remove curse {unknown}
Potions
 i - a potion of cancellation
Comestibles
 f - 7 rations


   Skills:
 + Level 5.7 Fighting
 + Level 0.1 Maces & Flails
 - Level 4.0 Throwing
 - Level 1.7 Dodging
 - Level 0.6 Stealth


You had 3 spell levels left.
You didn't know any spells.
Your spell library was empty.

Dungeon Overview and Level Annotations

Branches:
Dungeon (2/15)

Altars:


Innate Abilities, Weirdness & Mutations

You are too large for most types of armour.
You have tough skin. (AC +1)


Message History

The kobold barely misses you.
You strike the helpless worm from behind!
You hit the worm.
The worm is moderately wounded.
The kobold barely misses you. The worm bites you.
* * * LOW HITPOINT WARNING * * *
Unknown command.
You barely miss the kobold.
The kobold is moderately wounded.
The kobold closely misses you.
You closely miss the kobold.
The kobold is moderately wounded.
The kobold barely misses you. The worm closely misses you.
You hit the kobold but do no damage.
The kobold is moderately wounded.
The kobold barely misses you.
You barely miss the kobold.
The kobold is moderately wounded.
The kobold hits you with a +0 short sword.
You die...

#........#
#...##.#.#.####
#........# #..
#........) #........#
#. ##.##.....
####.....###
.......... #.......#
.........###
#...((..# #........(#
#.......# #.....#...#
#####...###.........#
#.@w.#######...##
#.K..# #....# ##...#
#...# #...+ #...#
##.##


You could see a worm and a kobold.

Vanquished Creatures
  Jessica (D:2)
  A dart slug (D:2)
  A leopard gecko (D:1)
  4 bats
  2 giant cockroaches
  4 goblins (D:1)
  8 hobgoblins
  3 jackals (D:1)
  5 kobolds (D:1)
  A quokka (D:2)
  2 frilled lizards
  5 rats
37 creatures vanquished.

Notes
Turn   | Place    | Note
-------+----------+-------------------------------------------
     0 | D:1      | Ijustatesigmund the Ogre Hunter began the quest for the
                  | Orb.
     0 | D:1      | Reached XP level 1. HP: 22/22 MP: 1/1
    85 | D:1      | Reached skill level 3 in Fighting
   315 | D:1      | Reached XP level 2. HP: 32/32 MP: 2/2
   430 | D:1      | Reached skill level 4 in Fighting
   603 | D:2      | Noticed Jessica
   625 | D:2      | Killed Jessica
   625 | D:2      | Reached skill level 5 in Fighting
   625 | D:2      | Reached XP level 3. HP: 14/42 MP: 3/3
  1308 | D:1      | Reached XP level 4. HP: 47/50 MP: 4/4
  1896 | D:2      | HP: 1/52 [worm (6)]
  1900 | D:2      | Slain by a kobold

Levels and vault maps discovered:
D:1:      onia_arrival_pyramid, layout_basic
D:2:      layout_basic, first_ration, uniq_jessica

Skill      XL: |  1  2 |
---------------+-------+-----
Fighting       | 3 5 |  5.7
Maces & Flails | |  0.1
Throwing       | |  4.0
Dodging        | |  1.7
Stealth        | |  0.6

Action                   |  1- 3 |  4- 6 || total
-------------------------+-------+-------++-------
Melee: Short sword       |   116 |    23 ||   139
       Whip              |       |    46 ||    46
Throw: Large rock        |     3 |       ||     3
  Use: Potion            |     2 |     1 ||     3
       Scroll            |     3 |       ||     3
 Stab: Invisible         |       |     2 ||     2
  Eat: Chunk             |     1 |     2 ||     3
Armor: Robe              |    52 |    25 ||    77
Dodge: Dodged            |    89 |    47 ||   136

Table legend:
 A = Non-vault XP
 B = Vault XP
 C = Vault XP percentage of total XP
 D = Non-vault monster count
 E = Vault monster count
 F = Vault count percentage of total count
                 A         B        C        D         E       F
            +---------+---------+-------+---------+---------+-------
      Total |      64 |      37 |  36.6 |      36 |       1 |   2.7
            +---------+---------+-------+---------+---------+-------
        D:1 |      43 |       0 |   0.0 |      25 |       0 |   0.0
        D:2 |      21 |      37 |  63.8 |      11 |       1 |   8.3
            +---------+---------+-------+---------+---------+-------
